 Dungeon Crawl Stone Soup version 0.29.1-12-g30fa7ad0bf (webtiles) character file.

Game seed: 12942470871416870371

25147 Coaxmetal the Eclecticist (level 13, -10/78 HPs)
             Began as a Gargoyle Earth Elementalist on Dec 18, 2022.
             Mangled by a komodo dragon (13 damage)
             ... on level 4 of the Lair of Beasts.
             The game lasted 00:32:00 (16485 turns).

Coaxmetal the Eclecticist (GrEE)                   Turns: 16485, Time: 00:32:01

Health: -10/78     AC: 18    Str: 12    XL:     13   Next: 17%
Magic:  8/41       EV: 13    Int: 24    God:
Gold:   716        SH:  0    Dex: 10    Spells: 29/42 levels left

rFire   . . .      SeeInvis +   M - +5 hand axe "Killer Klown's Peril" {vamp, rCorr}
rCold   . . .      Faith    .   (no shield)
rNeg    + + .      Spirit   .   L - +3 leather armour {rPois}
rPois   ∞          Reflect  .   (no helmet)
rElec   +          Harm     .   R - +0 cloak
rCorr   +          Rampage  .   k - +0 pair of gloves
Will    +++..                   e - +0 pair of boots
Stlth   ++........              (no amulet)
HPRegen 0.23/turn               i - ring of magical power
MPRegen 0.27/turn               G - ring of Amylap {rN+ Will+++ Int+3 Slay-4 SInv}

@: animating dead
A: sickness immunity, AC +9, negative energy resistance 1, electricity
resistance, torment resistance 1, petrification resistance
a: no special abilities


You were on level 4 of the Lair of Beasts.
You visited 3 branches of the dungeon, and saw 13 of its levels.
You also visited: Ossuary and Volcano.

You collected 716 gold pieces.

Inventory:

Hand Weapons
 y - a +2 vorpal spear
 M - the +5 hand axe "Killer Klown's Peril" (weapon) {vamp, rCorr}
   (You found it on level 8 of the Dungeon)

   It occasionally heals its wielder for a portion of the damage dealt when it
   wounds a living foe.
   rCorr:     It protects you from acid and corrosion.
Missiles
 j - 2 atropa-tipped darts
 K - 3 curare-tipped darts
Armour
 a - a +0 robe
 e - a +0 pair of boots (worn)
 k - a +0 pair of gloves (worn)
 F - a +0 kite shield
 L - a +3 leather armour of poison resistance (worn)
 R - a +0 cloak (worn)
Jewellery
 i - a ring of magical power (left hand)
 m - a ring of flight
 E - a +6 ring of intelligence
 G - the ring of Amylap (right hand) {rN+ Will+++ Int+3 Slay-4 SInv}
   (You found it on level 7 of the Dungeon)

   [ring of positive energy]

   Int:       It affects your intelligence (+3).
   Slay:      It affects your accuracy & damage with ranged weapons and melee
   (-4).
   rN:        It protects you from negative energy.
   SInv:      It lets you see invisible.
   Will:      It greatly increases your willpower.
 Q - a ring of fire
Wands
 t - a wand of roots (10)
 w - a wand of flame (12)
 I - a wand of acid (2)
Scrolls
 c - 3 scrolls of fear
 d - 5 scrolls of identify
 g - a scroll of vulnerability
 n - 2 scrolls of immolation
 o - a scroll of magic mapping
 r - 2 scrolls of enchant weapon
 s - 4 scrolls of teleportation {unknown}
 v - a scroll of poison
 x - a scroll of brand weapon
 B - 5 scrolls of fog
 D - a scroll of silence
 H - a scroll of enchant armour {unknown}
Potions
 b - 4 potions of magic
 f - 2 potions of might
 h - 2 potions of curing
 l - 5 potions of ambrosia
 p - a potion of invisibility {unknown}
 q - a potion of flight
 u - a potion of cancellation {unknown}
 z - 2 potions of resistance {unknown}
 C - a potion of haste {unknown}
 J - 2 potions of attraction {unknown}
 N - 2 potions of mutation {unknown}
 O - a potion of berserk rage
 P - a potion of heal wounds


   Skills:
 + Level 8.3 Fighting
 + Level 7.1 Dodging
 - Level 2.1 Stealth
 - Level 15.2 Spellcasting
 - Level 4.0 Conjurations
 + Level 4.8 Necromancy
 - Level 0.7 Transmutations
 - Level 8.0 Earth Magic


You had 29 spell levels left.
You knew the following spells:

 Your Spells              Type           Power      Damage    Failure   Level
a - Sandblast             Erth           100%       2d20      1%          1
b - Stone Arrow           Conj/Erth      94%        3d12      1%          3
c - Borgnjor's Vile Clut  Necr/Erth      24%        N/A       8%          5
d - Animate Dead          Necr           41%        N/A       5%          4

Your spell library contained the following spells:

 Spells                   Type           Power      Damage    Failure   Level
 Magic Dart               Conj           100%       1d8       1%          1
 Passwall                 Tmut/Erth      32%        N/A       1%          2
 Searing Ray              Conj           74%        2d7       1%          2
 Summon Small Mammal      Summ           72%        N/A       4%          1
 Petrify                  Tmut/Erth      39%        N/A       6%          4
 Call Canine Familiar     Summ           18%        N/A       12%         3
 Gell's Gravitas          Tloc           18%        N/A       12%         3
 Inner Flame              Hex/Fire       18%        N/A       12%         3
 Summon Guardian Golem    Hex/Summ       18%        N/A       12%         3
 Teleport Other           Tloc           18%        N/A       12%         3
 Fulminant Prism          Conj/Hex       13%        3d9       17%         4
 Cause Fear               Hex            9%         N/A       36%         4
 Irradiate                Conj/Tmut      14%        3d16      38%         5
 Death Channel            Necr           20%        N/A       63%         6
 Dispersal                Tloc           9%         N/A       99%         6
 Discord                  Hex            9%         N/A       100%        8
 Sublimation of Blood     Necr           Unusable   N/A       N/A         2

Dungeon Overview and Level Annotations

Branches:
Dungeon (8/15)             Temple (1/1) D:7            Lair (4/5) D:8
 Shoals (0/4) Lair:2        Snake (0/4) Lair:2      Ossuary (visited)
Volcano (visited)
  Slime: Lair:4-5

Altars:
Cheibriados
Elyvilon
Fedhas
Gozag
Hepliaklqana
Kikubaaqudgha
Okawaru
Ru
Sif Muna
Wu Jian
Xom
Zin
The Shining One

Shops:
D:2 (   D:7 (

Portals:
Abyss: D:6

Annotations:
D:6 2 transporters, BillyBaka's ghost, novice MiFi
D:8 2 runed translucent doors


Innate Abilities, Weirdness & Mutations

You are immune to sickness and miasma.
Your stone body is resilient. (AC +9)
You are immune to poison.
You resist negative energy. (rN+)
You are resistant to electric shocks. (rElec)
You are resistant to unholy torment.
You are immune to petrification.


Message History

You stop ascending the stairs.
The blink frog hits your elephant zombie!
Your elephant zombie tramples the elephant!
The elephant holds its ground!
Your elephant zombie trunk-slaps the elephant but does no damage.
The blink frog hits your elephant zombie.
The blink frog blinks!
The blink frog hits you but does no damage.
A yak comes into view.
The water moccasin hisses angrily.
The yak bellows!
You hear a bellow!
A yak comes into view.
The cane toad stings your elephant zombie!
Okay, then.
The cane toad stings your elephant zombie!
The wyvern bites you!
* * * LOW HITPOINT WARNING * * *
The blink frog blinks!
Your elephant zombie tramples the cane toad!
The cane toad stumbles backwards!
A torpor snail comes into view.
Being near the torpor snail leaves you feeling lethargic.
A yak and a polar bear come into view.
The water moccasin barely misses you. The wyvern bites you!
* * * LOW HITPOINT WARNING * * *
The elephant closely misses you. The elephant misses you.
Blink to where?
Press: ? - help, Dir - move target, p - elephant
As you read the scroll of blinking, it crumbles to dust.
You feel yourself speed up. The komodo dragon closely misses you.
Your elephant zombie closely misses the komodo dragon. x2
The elephant tramples your elephant zombie!
Your elephant zombie holds its ground!
The elephant trunk-slaps your elephant zombie but does no damage.
The elephant tramples you!
* * * LOW HITPOINT WARNING * * *
You hold your ground!
The elephant trunk-slaps you.
* * * LOW HITPOINT WARNING * * *
The komodo dragon bites you!
You die...

......#..#.Yw .
..........Y.#.h.
........F.......
......F.FY##
......YlS.#
.#P..♣.Y###
###..♣Y##
#...lY#
#♣.@YZ+...
#......?...
#F.♣.##.#.#
.....## #..
##..... #..
#..<..# ...
.....Y. ..
......Y..
.......Y.#.


You could see 4 elephants, a komodo dragon, 2 yaks, 3 blink frogs, a water
moccasin, a wyvern and a friendly elephant zombie.

Vanquished Creatures
  3 hydras
  A centaur warrior (D:8)
  4 death yaks
  A lindwurm (Lair:3)
  4 elephants
  A black mamba (Lair:2)
  Joseph (D:8)
  3 cane toads
  2 komodo dragons (Lair:2)
  A polar bear (Lair:2)
  A queen bee (Lair:3)
  9 blink frogs
  7 dream sheep (Lair:1)
  A wyvern (D:7)
  26 yaks
  3 basilisks
  Menkaure (D:4)
  4 nagas (Lair:2)
  7 water moccasins
  2 hell hounds (Lair:2)
  An orc warrior (D:8)
  2 ice beasts
  3 sky beasts
  2 black bears (Lair:1)
  5 wolves (Lair:2)
  2 ogres
  4 centaurs
  4 bullfrogs
  3 necrophages
  4 scorpions
  2 gnoll sergeants (D:8)
  6 water moccasin zombies (Ossuary)
  9 wights
  9 killer bees (Lair:3)
  A howler monkey (D:6)
  2 electric eels (Lair:1)
  A lava snake (Volcano)
  6 orc priests
  2 jellies
  3 gnoll boudas
  6 hounds
  3 iguanas (D:5)
  7 orc wizards
  8 hell rats
  3 mummies
  19 gnolls
  5 adders
  10 river rats (Lair:1)
  2 shadow imps (D:8)
  A white imp (D:6)
  11 adder zombies (Ossuary)
  2 worms (D:2)
  3 dart slugs
  34 orcs
  6 endoplasms
  6 giant cockroaches
  4 gnoll zombies (Ossuary)
  3 goblins
  6 hobgoblins
  2 jackals (D:5)
  5 kobolds
  14 quokkas
  12 ball pythons
  4 bats
  3 frilled lizards
  5 hobgoblin zombies
  6 kobold zombies
  4 orc zombies (Ossuary)
  17 rats
  2 butterflies (Lair:1)
366 creatures vanquished.

Vanquished Creatures (collateral kills)
  A hydra (Lair:3)
  A death yak (Lair:2)
  A torpor snail (Lair:2)
  A komodo dragon (Lair:3)
  A yak (Lair:2)
  A water moccasin (Lair:3)
  6 killer bees (Lair:3)
12 creatures vanquished.

Vanquished Creatures (others)
  A blink frog zombie (Lair:4)
  7 killer bee zombies (Lair:3)
  20 fungi
  49 plants
77 creatures vanquished.

Grand Total: 455 creatures vanquished

Notes
Turn   | Place    | Note
-------+----------+-------------------------------------------
     0 | D:1      | Coaxmetal the Gargoyle Earth Elementalist began the quest
                  | for the Orb.
     0 | D:1      | Reached XP level 1. HP: 10/10 MP: 3/3
   191 | D:1      | Reached XP level 2. HP: 16/16 MP: 3/5
   407 | D:1      | Reached skill level 1 in Fighting
   623 | D:1      | Reached XP level 3. HP: 20/20 MP: 4/6
  1084 | D:2      | Learned a level 3 spell: Stone Arrow
  1593 | D:2      | Found a faded altar of an unknown god.
  1653 | D:2      | Found Urul's Antique Weapon Boutique.
  1662 | D:2      | Reached XP level 4. HP: 26/26 MP: 7/7
  2111 | D:3      | Reached skill level 1 in Conjurations
  2325 | D:3      | Reached XP level 5. HP: 27/30 MP: 9/9
  2864 | D:4      | Noticed Menkaure
  2869 | D:4      | Killed Menkaure
  2870 | D:4      | Reached skill level 3 in Spellcasting
  2870 | D:4      | Reached XP level 6. HP: 36/36 MP: 10/10
  3037 | D:4      | Reached skill level 5 in Earth Magic
  3114 | D:4      | Noticed a water moccasin
  3256 | D:4      | Found a sand-covered staircase.
  3265 | Ossuary  | Entered an ossuary
  3442 | Ossuary  | Reached XP level 7. HP: 41/41 MP: 12/12
  3846 | Ossuary  | Reached skill level 4 in Spellcasting
  4108 | D:4      | Reached XP level 8. HP: 47/48 MP: 14/14
  4643 | D:5      | Entered Level 5 of the Dungeon
  4945 | D:5      | Reached skill level 5 in Fighting
  5377 | D:5      | Reached skill level 5 in Spellcasting
  5846 | D:6      | Found a transporter.
  5928 | D:6      | Reached XP level 9. HP: 54/54 MP: 14/16
  6016 | D:6      | Reached skill level 5 in Dodging
  6022 | D:6      | Reached skill level 6 in Spellcasting
  6153 | D:6      | Found a transporter.
  6278 | D:6      | Reached skill level 7 in Spellcasting
  6521 | D:6      | Found a one-way gate to the infinite horrors of the Abyss.
  6521 | D:6      | Noticed BillyBaka's ghost (novice MiFi)
  6829 | D:6      | Found a hazy altar of Hepliaklqana.
  7050 | D:6      | Reached skill level 8 in Spellcasting
  7199 | D:7      | Identified the ring of Amylap {rN+ Will+++ Int+3 Slay-4
                  | SInv}
  7354 | D:7      | Found a staircase to the Ecumenical Temple.
  7366 | D:7      | Reached XP level 10. HP: 59/59 MP: 22/22
  7368 | Temple   | Entered the Ecumenical Temple
  7627 | D:7      | Found Raupitz's Antique Weapon Emporium.
  7898 | D:7      | Reached skill level 9 in Spellcasting
  8021 | D:7      | Found the +6 shillelagh "Devastator" {shatter}
  8262 | D:8      | Noticed a centaur warrior
  8905 | D:8      | Noticed Joseph
  8915 | D:8      | Reached skill level 10 in Spellcasting
  8923 | D:8      | HP: 1/59 [constriction (7)]
  8924 | D:8      | Killed Joseph
  9394 | D:8      | Found a runed translucent door.
  9394 | D:8      | Found a runed translucent door.
  9394 | D:8      | Noticed a centaur warrior
  9394 | D:8      | Noticed a centaur warrior
  9394 | D:8      | Noticed a fire crab
  9650 | D:8      | Identified the +5 hand axe "Killer Klown's Peril" {vamp,
                  | rCorr}
  9758 | D:8      | Noticed a death yak
  9762 | D:8      | Noticed a death yak
  9765 | D:8      | Killed a death yak
  9766 | D:8      | Reached skill level 11 in Spellcasting
  9780 | D:8      | Noticed a death yak
  9783 | D:8      | Killed a death yak
  9839 | D:8      | Killed a death yak
  9840 | D:8      | Reached skill level 12 in Spellcasting
  9840 | D:8      | Reached XP level 11. HP: 32/63 MP: 0/27
 10291 | D:8      | Found a staircase to the Lair.
 10441 | D:8      | Killed a centaur warrior
 10660 | Lair:1   | Entered Level 1 of the Lair of Beasts
 11022 | Lair:1   | Noticed an eight-headed hydra
 11032 | Lair:1   | Killed an eight-headed hydra
 11033 | Lair:1   | Reached skill level 13 in Spellcasting
 11476 | Lair:1   | Reached skill level 14 in Spellcasting
 12652 | Lair:2   | Found a staircase to the Snake Pit.
 12886 | Lair:2   | Reached XP level 12. HP: 36/68 MP: 26/30
 13076 | Lair:2   | Found a dark tunnel.
 13087 | Volcano  | Entered a volcano
 13224 | Lair:2   | Reached skill level 15 in Spellcasting
 13416 | Lair:2   | Learned a level 5 spell: Borgnjor's Vile Clutch
 13421 | Lair:2   | Learned a level 4 spell: Animate Dead
 13497 | Lair:2   | Found a staircase to the Shoals.
 13923 | Lair:2   | Reached skill level 1 in Necromancy
 14105 | Lair:2   | Found a shimmering altar of Xom.
 14757 | Lair:3   | Noticed an eight-headed hydra
 14757 | Lair:3   | Noticed a six-headed hydra
 14766 | Lair:2   | Killed a six-headed hydra
 15017 | Lair:3   | Noticed a death yak
 15018 | Lair:3   | Noticed a death yak
 15030 | Lair:2   | Killed a death yak
 15037 | Lair:2   | Killed a death yak
 15519 | Lair:3   | Killed an eight-headed hydra
 15696 | Lair:3   | Reached XP level 13. HP: 59/77 MP: 26/32
 15824 | Lair:3   | Identified the +2 dagger "Beastbane" {vorpal, rC+ rCorr
                  | SInv}
 16485 | Lair:4   | HP: 3/78 [elephant (1)]
 16485 | Lair:4   | Mangled by a komodo dragon

Illustrated notes

Levels and vault maps discovered:
D:1:      minmay_arrival_glassed_features, layout_loops_ring
D:2:      layout_loops_ring, hellmonk_ecumenical_altar_blasted, serial_shops,
          nicolae_shop_advertising_works [nicolae_subvault_shop_adworks],
          serial_aquarium, aquarium_bridge_square [aquarium_subvault_balcony,
          aquarium_subvault_wall, aquarium_subvault_bridge,
          aquarium_subvault_bridge], aquarium_window_fake,
          aquarium_window_corridor_1, aquarium_view_2b, aquarium_pool_corner,
          serial_bayou_lagoon_a, roderic_lattice_a
D:3:      layout_basic, minmay_liquid_box
D:4:      layout_basic, nicolae_ossuary_entry_giza, lightli_corner_chamber,
          uniq_menkaure
D:5:      layout_basic, minmay_quadrilaterals
D:6:      layout_loops_corners, worldfamousw_hep_ancestral_shrine,
          gammafunk_ghost_abyssal_escape, minmay_misc_feat_pillars
D:7:      layout_layer_cave, minmay_temple_entry_ruins, serial_shops,
          kennysheep_mini
D:8:      minmay_the_grid_triangle_9x9_rhombus_full
          [minmay_the_grid_triangle_9x9_thin_v,
          minmay_the_grid_triangle_9x9_pentomino_pain,
          minmay_the_grid_triangle_9x9_negative_grid,
          minmay_the_grid_triangle_9x9_empty,
          minmay_the_grid_triangle_9x9_empty,
          minmay_the_grid_triangle_9x9_warning,
          minmay_the_grid_triangle_9x9_tough_junction,
          minmay_the_grid_triangle_9x9_prize_insulated], layout_cave_pods,
          dpeg_lair_monsters, enter_bailey_2, uniq_joseph
Temple:   nicolae_temple_godzebo
Lair:1:   lemuel_ratsnest, layout_chaotic_city, serial_bayou_lagoon_b,
          lemuel_fruit_fields, lemuel_fruit_fields
Lair:2:   layout_cave_pods, shoals_dummy_entry, guppyfry_snake_entry_island,
          basic_altar, enter_volcano_3, lemuel_fruit_fields
Lair:3:   layout_hall_layers, special_room [special_room_bee]
Lair:4:   layout_regular_city, minmay_slime_entry_oklob_open, basic_altar,
          serial_bayou_shore_b, serial_bayou_shore_b, infiniplex_staircase_pool,
          grunt_megastairs_1

Skill      XL: |  1  2  3  4  5  6  7  8  9 10 11 12 13 |
---------------+----------------------------------------+-----
Fighting       | 1 2 3 4 5 7 8 |  8.3
Dodging        | 2 3 4 5 6 7 |  7.1
Earth Magic    | 4 5 7 8 |  8.0
Conjurations   | 1 2 3 4 |  4.0
Spellcasting   | 3 4 5 8 12 14 15 | 15.2
Necromancy     | 4 |  4.8
Stealth        | |  2.1
Transmutations | |  0.7

Action                   |  1- 3 |  4- 6 |  7- 9 | 10-12 | 13-15 || total
-------------------------+-------+-------+-------+-------+-------++-------
Melee: Unarmed           |     8 |       |       |       |       ||     8
       Long sword        |       |     8 |     5 |       |       ||    13
       Spear             |       |       |       |     1 |       ||     1
       Hand axe          |       |       |       |    30 |       ||    30
       Punch             |       |       |       |     1 |       ||     1
 Cast: Sandblast         |    54 |    87 |   174 |   125 |     5 ||   445
       Stone Arrow       |       |       |    34 |   229 |    10 ||   273
       Borgnjor's Vile C |       |       |       |     7 |     7 ||    14
       Animate Dead      |       |       |       |     5 |     2 ||     7
Evoke: Wand              |       |       |       |     8 |       ||     8
  Use: Potion            |       |       |     7 |     9 |       ||    16
       Scroll            |       |       |     2 |     8 |     1 ||    11
Armor: Robe              |     7 |    21 |    44 |    15 |       ||    87
       Leather armour    |       |       |       |   174 |    15 ||   189
Dodge: Dodged            |    22 |    38 |    60 |   222 |    19 ||   361
